 Dungeon Crawl Stone Soup version 0.31-a0-321-g19405a7a6a (webtiles) character file.

Game seed: 2913412658690667185

93 lunkers the Insei (level 5, 0/41 HPs)
             Began as a Meteoran Shapeshifter on July 17, 2023.
             Slain by an orc
             ... wielding a +0 club
              (5 damage)
             ... on level 3 of the Dungeon.
             The game lasted 00:01:39 (935 turns).

lunkers the Insei (Meteoran Shapeshifter)            Turns: 935, Time: 00:01:40

Health: 0/41       AC:  3    Str: 16    XL:     5   Next: 16%
Magic:  6/6        EV: 12    Int: 10    God:
Gold:   75         SH:  0    Dex: 16    Spells: 4/4 levels left

rFire   . .          .
                       - Unarmed
rCold   . . .        (no shield)
rNeg    . . .        a - +1 animal skin
rPois   .            (helmet currently unavailable)
rElec   .            (cloak currently unavailable)
rCorr   .            (gloves currently unavailable)
SInv    .            (boots currently unavailable)
Will    .....        (no amulet)
Stlth   +            (no ring)
HPRegen 0.26/turn    (no ring)
MPRegen 0.10/turn

%: no passive effects
@: confused, beast-form, glowing
A: beast (slay +2), sense surroundings 1, otherworldly, glowing, explore regen
a: Begin Untransformation


You were on level 3 of the Dungeon.
You were a hulking beast.
You visited 1 branch of the dungeon, and saw 3 of its levels.

You collected 75 gold pieces.

Inventory:

Armour
 a - a +1 animal skin (worn)
 d - a +0 helmet
Talismans
 c - a beast talisman
Wands
 h - a wand of charming (14)
Scrolls
 e - 2 scrolls of identify
 f - a scroll of brand weapon {unknown}
 j - a scroll of teleportation
Potions
 b - a potion of lignification
 g - a potion of haste
 i - a potion of curing {unknown}


   Skills:
 - Level 2.1 Fighting
 - Level 2.4 Dodging
 + Level 5.7 Unarmed Combat
 - Level 3.6 Shapeshifting


You had 4 spell levels left.
You didn't know any spells.
Your spell library contained the following spells:

 Spells                   Type           Power      Damage    Failure   Level
 Lesser Beckoning         Tloc           0%         N/A       50%         2
 Static Discharge         Conj/Air       0%         2-2/arc   50%         2
 Gell's Gravitas          Tloc           0%         N/A       75%         3
 Teleport Other           Tloc           0%         N/A       75%         3
 Airstrike                Air            0%         2d(0-16)  98%         4
 Summon Lightning Spire   Summ/Air       0%         N/A       98%         4


Dungeon Overview and Level Annotations

Branches:
Dungeon (3/15) Zot: 874

Altars:


Innate Abilities, Weirdness & Mutations

You are a hulking beast.
Your limbs bulge with bestial killing power. (Slay +2)
You passively map a small area around you.
You are easily found by Zot.
You glow in the dark.
You regain HP and MP as you explore.


Message History

The orc is heavily wounded.
The orc hits you with a +0 flail.
* * * LOW HITPOINT WARNING * * *
An orc comes into view. It is wielding a +0 club.
The orc wizard casts a spell at you. You resist with some effort.
You closely miss the orc.
The orc is heavily wounded.
The orc shouts!
You hear a bark!
The orc hits you with a +0 flail!
* * * LOW HITPOINT WARNING * * *
The orc wizard completely misses you.
You closely miss the orc wizard. The orc barely misses you.
The orc wizard closely misses you.
Unknown command.
You hit the orc wizard.
The orc wizard is heavily wounded.
The orc hits you with a +0 flail.
* * * LOW HITPOINT WARNING * * *
The orc wizard hits you but does no damage.
Unknown command.
You hit the orc wizard but do no damage.
The orc wizard is heavily wounded.
The orc hits you with a +0 flail!
* * * LOW HITPOINT WARNING * * *
The orc wizard casts a spell at you.
You are confused.
Unknown command.
You miss the orc wizard.
The orc wizard is heavily wounded.
The orc barely misses you. The orc wizard barely misses you.
Unknown command.
The orc wizard attacks as you move away!
The orc wizard hits you but does no damage.
Found an escape hatch in the floor.
The orc completely misses you.
Unknown command.
You barely miss the orc.
The orc is heavily wounded.
The orc barely misses you. The orc hits you with a +0 club.
You die...

* * *#.. ,, ..# , **
##.## * * #.# , .#
#...#######..#.# , , #.#
#..)<...h....#.#
#.###..รท#######.##.# ..
, ..#......# #.##.#
*....*##.#.....#####.##.#
,.#...#...$...........#.#
* *
.......ho..[.........#..
.....#oo............)#.#
, *
......#.#..............)
....#>#.#...##.......###
* ...*# #.#...##.......#
, #.,, ,..##.###.......#
* # ** ####.# ####.#### ,
,* ...* *#.# ..... , ..#


You could see an orc wizard and 2 orcs.

Vanquished Creatures
  An orc wizard (D:3)
  2 adders (D:2)
  A worm (D:3)
  An orc (D:3)
  7 endoplasms
  A giant cockroach (D:3)
  6 goblins
  3 hobgoblins
  7 jackals
  4 kobolds (D:1)
  4 ball pythons
  4 bats
  A frilled lizard (D:1)
  2 rats (D:1)
44 creatures vanquished.

Notes
Turn   | Place    | Note
-------+----------+-------------------------------------------
     0 | D:1      | lunkers the Meteoran Shapeshifter began the quest for the
                  | Orb.
     0 | D:1      | Reached XP level 1. HP: 17/17 MP: 2/2
    39 | D:1      | Reached skill level 3 in Unarmed Combat
    39 | D:1      | Reached XP level 2. HP: 21/24 MP: 3/3
   166 | D:1      | Reached XP level 3. HP: 16/29 MP: 4/4
   202 | D:1      | Reached skill level 4 in Unarmed Combat
   532 | D:2      | Reached XP level 4. HP: 32/36 MP: 5/5
   670 | D:3      | Reached skill level 5 in Unarmed Combat
   922 | D:3      | Reached XP level 5. HP: 34/41 MP: 6/6
   935 | D:3      | Slain by an orc

Illustrated notes

Levels and vault maps discovered:
D:1:      erik_arrival_cave_to_civilisation [erik_arrival_cave_to_hall],
          layout_basic
D:2:      layout_basic
D:3:      layout_loops_ring, mainiacjoe_overflow_swirl,
          nicolae_overflow_ecumenical_swirl

Skill      XL: |  1  2  3  4 |
---------------+-------------+-----
Unarmed Combat | 3 4 5 |  5.7
Fighting       | |  2.1
Dodging        | |  2.4
Shapeshifting  | |  3.6

Action                     |  1- 3 |  4- 6 || total
---------------------------+-------+-------++-------
  Melee: Unarmed           |    65 |    46 ||   111
         Punch             |     1 |     2 ||     3
    Use: Scroll            |       |     3 ||     3
 Armour: Animal skin       |    16 |    11 ||    27
  Dodge: Dodged            |    39 |    22 ||    61

Table legend: (Time is in decaauts)
 A = Elapsed time spent in this place.
 B = Non-inter-level travel time spent in this place.
 C = Inter-level travel time spent in this place.
 D = Time resting spent in this place.
 E = Time spent auto-exploring this place.
 F = Levels seen in this place.
 G = Mean time per level.
                   A        B        C        D        E       F      G
               +--------+--------+--------+--------+--------+-----+--------+
         Total |    925 |    925 |      0 |      0 |    691 |   3 |  308.3 |
       Dungeon |    925 |    925 |      0 |      0 |    691 |   3 |  308.3 |
               +--------+--------+--------+--------+--------+-----+--------+

Top non-repeatable levels by time:
     D:1: 419 daAuts
     D:3: 272 daAuts
     D:2: 233 daAuts
